 Dungeon Crawl Stone Soup version 0.19.0-2-gae57169 (webtiles) character file.

55 nikopol the Poker (level 3, -4/33 HPs)
             Began as a Minotaur Berserker on Nov 6, 2016.
             Was a Believer of Trog.
             Slain by an orc
             ... wielding a +0 hand axe
              (5 damage)
             ... on level 3 of the Dungeon.
             The game lasted 00:03:52 (1729 turns).

nikopol the Poker (Minotaur Berserker)              Turns: 1729, Time: 00:03:52

Health: -4/33      AC:  3    Str: 21    XL:     3   Next: 67%
Magic:  2/2        EV: 12    Int:  4    God:    Trog [**....]
Gold:   112        SH:  0    Dex: 10    Spells: 0 memorised, 2 levels left

rFire  . . .     SeeInvis .     a - +0 spear
rCold  . . .     Gourm    .     b - +0 animal skin
rNeg   . . .     Faith    .     (no shield)
rPois  .         Spirit   .     (helmet restricted)
rElec  .         Reflect  .     t - +0 cloak
rCorr  .         Harm     .     (no gloves)
MR     .....                    (no boots)
Stlth  +.........               (no amulet)
                                (no ring)
                                (no ring)

@: no status effects
A: retaliatory headbutt, horns 2
a: Berserk, Trog's Hand, Burn Spellbooks, Renounce Religion


You were on level 3 of the Dungeon.
You worshipped Trog.
Trog was pleased with you.
You were hungry.

You visited 1 branch of the dungeon, and saw 3 of its levels.

You collected 112 gold pieces.

Inventory:

Hand Weapons
 a - a +0 spear (weapon)
Missiles
 g - 19 arrows
Armour
 b - a +0 animal skin (worn)
 t - a +0 cloak (worn)
Jewellery
 r - a +5 amulet of reflection {unknown}
Wands
 s - a wand of flame (12/48)
Scrolls
 h - 2 scrolls of noise {unknown}
 i - 2 scrolls of immolation {unknown}
 k - 2 scrolls of blinking {unknown}
 l - a scroll of fog {unknown}
 m - 2 scrolls of remove curse {unknown}
 o - a scroll of identify {unknown}
Potions
 e - 3 potions of degeneration {unknown}
 f - 2 potions of curing {unknown}
 j - a potion of might {unknown}
 n - a potion of agility {unknown}
 q - a potion of brilliance {unknown}
Comestibles
 c - 3 bread rations
 d - 3 meat rations
 p - a beef jerky
 u - 4 fruits


   Skills:
 + Level 4.1 Fighting
 + Level 4.4 Polearms
 + Level 3.4 Armour
 + Level 2.5 Dodging


You had 2 spell levels left.
You didn't know any spells.

Dungeon Overview and Level Annotations

Branches:
Dungeon (3/15)

Altars:
Dithmenos


Innate Abilities, Weirdness & Mutations

You reflexively headbutt those who attack you in melee.
You have a pair of horns on your head.


Message History

You completely miss the orc. Your headbutt misses the orc.
The orc is moderately wounded.
You hear some strange, mumbled words.
A puff of flame appears from out of thin air!
The puff of flame hits you!
* * * LOW HITPOINT WARNING * * *
You are too injured to fight recklessly!
You are too injured to fight recklessly!
You are too injured to fight recklessly!
You are too injured to fight recklessly!
You hit the orc. Your headbutt misses the orc.
The orc is almost dead.
The orc hits you with a hand axe.
* * * LOW HITPOINT WARNING * * *
Something hits you.
* * * LOW HITPOINT WARNING * * *
You closely miss the orc.
The orc is severely wounded.
The orc hits you with a hand axe.
You die...

...<.......#
..........#
.........
.......
..... ... #
#o#####
#.##@)...#
#........#
####.....#
#.....#
#....)#
####.....#
#........#
#........#
#####
#......###


You could see an orc.

Vanquished Creatures
  An ooze (D:1)
  A dart slug (D:1)
  A leopard gecko (D:2)
  3 orcs (D:3)
  5 bats
  2 giant cockroaches
  2 goblins (D:1)
  5 hobgoblins (D:1)
  6 jackals
  A quokka (D:2)
  2 frilled lizards (D:2)
  6 kobolds
  6 rats
41 creatures vanquished.

Notes
Turn   | Place    | Note
-------+----------+-------------------------------------------
     0 | D:1      | nikopol the Minotaur Berserker began the quest for the Orb.
     0 | D:1      | Reached XP level 1. HP: 19/19 MP: 0/0
   126 | D:1      | Reached XP level 2. HP: 20/27 MP: 1/1
   874 | D:2      | Found a faded altar of an unknown god.
   883 | D:2      | Reached XP level 3. HP: 30/33 MP: 2/2
  1022 | D:2      | Found a shadowy altar of Dithmenos.
  1628 | D:1      | Reached ** piety under Trog
  1728 | D:3      | HP: 1/33 [something (3)]
  1729 | D:3      | Slain by an orc

Skill      XL: |  1  2  3 |
---------------+----------+-----
Polearms       | 4 |  4.4
Armour         | 3 |  3.4
Fighting       | 4 |  4.1
Dodging        | |  2.5

Action                   || total
-------------------------++-------
Melee: Spear             ||   113
       Headbutt          ||    15
  Eat: Chunk             ||     2
Armor: Animal skin       ||    11
Dodge: Dodged            ||    41
